AoeStats
← Caga Mole

Arena

510634830Analyzed
4v4 RM · 2d ago on Oct 1, 2026· 91m 36s· 8 players
Game mode
Random Map
Map size
Large (8 player)
Population
200
Speed
Normal
Resources
Standard
Victory
Conquest
Starting age
Dark Age
Ending age
Imperial Age
RankedLock teamsTeams togetherTeam positionsShared explorationLock speedFull tech treeHidden civsTurbo modeCheats
Victory
Defeat
🇨🇳 Danes · China
1424
+14
🇨🇳 Teutons · China
1380
+15
🇭🇰 Varangians · Hong Kong SAR China
1377
+16
🇻🇳 Saxons · Vietnam
1295
+19
🇺🇸 Danes · United States
1529
-23
🇧🇷 Khmer · Brazil
1337
-15
🇲🇽 Malay · Mexico
1304
-13
🇮🇳 Aztecs · India
1301
-13
Valodimer
7:05 Loom
7:09 Loom
10:30 Feudal Age
11:05 Double-Bit Axe
18:15 Castle Age
16:57 Horse Collar
19:23 Bow Saw
19:15 Heavy Plow
25:37 Fletching
26:25 Town Watch
27:16 Wheelbarrow
28:20 Bodkin Arrow
29:47 Ballistics
31:13 Hand Cart
33:33 Imperial Age
32:04 Guard Tower
32:11 Murder Holes
32:43 Treadmill Crane
32:57 Gold Mining
32:58 Stone Mining
33:20 Man-at-Arms
35:32 Masonry
36:23 Chemistry
35:24 Bracer
35:03 Long Swordsman
36:30 Arrowslits
37:48 Architecture
38:38 Two-Handed Swordsman
39:06 Gambesons
39:21 Squires
39:22 Scale Mail Armor
39:33 Forging
41:05 Two-Man Saw
42:43 Keep
41:46 Champion
44:02 Hand Cart
44:27 Arson
45:06 Conscription
44:51 Shield Wall
48:52 Chain Mail Armor
49:12 Iron Casting
50:20 Iron Casting
50:16 Plate Mail Armor
52:31 Town Patrol
54:31 Guilds
54:58 Crop Rotation
60:07 Sappers
60:55 Elite Varangian Guard
65:12 Pikeman
69:18 Halberdier
76:59 Coinage
80:33 Banking
'Pyc_Hawk' = cryer
10:09 Feudal Age
13:52 Castle Age
12:10 Horse Collar
12:33 Double-Bit Axe
15:14 Wheelbarrow
18:31 Loom
20:55 Bow Saw
22:22 Hand Cart
22:36 Heavy Plow
22:28 Stone Mining
22:29 Gold Mining
23:07 Town Watch
23:23 Gold Mining
28:09 Imperial Age
26:59 Scale Mail Armor
27:09 Forging
26:49 Man-at-Arms
27:32 Squires
27:18 Gambesons
27:57 Long Swordsman
28:41 Two-Handed Swordsman
30:00 Chain Mail Armor
29:39 Champion
31:31 Plate Mail Armor
30:46 Hamask
32:55 Iron Casting
33:23 Fletching
33:25 Guard Tower
33:46 Masonry
33:26 Guard Tower
33:46 Masonry
34:00 Onager
34:00 Capped Ram
35:24 Siege Engineers
34:41 Northmen's Fury
36:52 Blast Furnace
36:51 Siege Onager
38:30 Bodkin Arrow
41:40 Bracer
42:18 Keep
47:16 Murder Holes
47:07 Arrowslits
48:22 Chemistry
47:43 Ballistics
47:24 Padded Archer Armor
50:51 Pikeman
54:30 Halberdier
57:26 Arson
57:52 Caravan
75:37 Conscription
78:14 Leather Archer Armor
instant cereal
6:42 Loom
9:01 Feudal Age
9:58 Double-Bit Axe
13:06 Town Watch
13:37 Fletching
21:01 Castle Age
18:48 Horse Collar
19:57 Gold Mining
21:02 Stone Mining
21:38 Bodkin Arrow
22:14 Bow Saw
25:28 Sanctity
30:11 Imperial Age
33:11 Block Printing
35:37 Fervor
37:25 Theocracy
37:13 Conscription
38:47 Illumination
38:49 Ironclad
38:39 Elite Teutonic Knight
40:12 Squires
40:59 Wheelbarrow
41:12 Ironclad
41:26 Onager
42:07 Gambesons
45:23 Hand Cart
46:40 Town Patrol
46:50 Scale Mail Armor
48:03 Siege Engineers
49:42 Chemistry
49:30 Crenellations
49:59 Chain Mail Armor
49:54 Forging
52:06 Two-Man Saw
52:04 Plate Mail Armor
53:11 Masonry
54:13 Ballistics
55:34 Bombard Tower
57:18 Guard Tower
57:13 Arrowslits
58:18 Hoardings
57:52 Arson
58:29 Pikeman
60:06 Iron Casting
60:05 Scale Barding Armor
60:25 Halberdier
63:52 Bloodlines
明月清风
10:15 Feudal Age
14:00 Castle Age
11:52 Double-Bit Axe
12:33 Horse Collar
15:42 Bow Saw
18:36 Loom
18:40 Town Watch
21:35 Wheelbarrow
24:49 Gold Mining
29:30 Imperial Age
27:18 Hand Cart
27:08 Husbandry
27:18 Bloodlines
28:02 Scale Barding Armor
28:09 Forging
28:00 Murder Holes
29:36 Chain Barding Armor
29:49 Stone Mining
30:54 Conscription
31:12 Plate Barding Armor
31:13 Iron Casting
31:48 Elite Jarl
35:12 Blast Furnace
36:25 Guilds
38:25 Masonry
38:26 Fortified Wall
38:38 Ballistics
39:19 Chemistry
42:45 Caravan
42:51 Light Cavalry
44:03 Architecture
45:01 Onager
45:08 Hussar
45:49 Onager
47:23 Elite Varangian Guard
48:04 Squires
47:51 Arson
51:26 Two-Man Saw
51:42 Two-Man Saw
53:10 Fletching
54:15 Stone Shaft Mining
54:16 Bodkin Arrow
57:02 Coinage
59:40 Scale Mail Armor
59:41 Bracer
59:17 Capped Ram
60:00 Gambesons
61:35 Siege Ram
62:58 Chain Mail Armor
64:52 Plate Mail Armor
65:56 Gothikon
69:15 Siege Engineers
70:54 Banking
85:03 Cavalier
85:05 Vendel Legacy
88:02 Heavy Plow
Bjorn Ironside
9:58 Feudal Age
10:00 Loom
14:25 Fletching
21:33 Castle Age
19:50 Double-Bit Axe
19:45 Horse Collar
21:01 Wheelbarrow
20:51 Gold Mining
21:23 Bow Saw
21:33 Bodkin Arrow
22:57 Heavy Plow
23:05 Scale Barding Armor
26:04 Husbandry
26:33 Light Cavalry
29:00 Forging
36:58 Imperial Age
34:50 Padded Archer Armor
34:45 Gold Mining
34:34 Elite Skirmisher
38:13 Bracer
39:30 Thumb Ring
38:45 Crossbowman
41:41 Crop Rotation
41:29 Hand Cart
43:18 Iron Casting
42:58 Leather Archer Armor
43:13 Ballistics
42:42 Pikeman
43:08 Arson
43:24 Squires
43:26 Stone Mining
43:02 Man-at-Arms
44:52 Gold Shaft Mining
44:53 Stone Shaft Mining
43:59 Halberdier
43:59 Long Swordsman
45:42 Ring Archer Armor
46:12 Blast Furnace
45:01 Two-Handed Swordsman
46:49 Chemistry
47:01 Forced Levy
47:22 Conscription
50:02 Caravan
51:16 Guilds
52:46 Siege Engineers
53:44 Heavy Scorpion
66:22 Town Watch
69:03 Capped Ram
73:50 Capped Ram
88:05 Coinage
koriko9397
10:29 Feudal Age
14:06 Castle Age
12:36 Stone Mining
12:51 Double-Bit Axe
18:36 Horse Collar
24:26 Scale Mail Armor
27:26 Wheelbarrow
27:41 Loom
27:42 Town Watch
28:29 Hand Cart
31:37 Imperial Age
29:20 Gold Mining
31:10 Bow Saw
31:29 Masonry
32:44 Conscription
36:28 Onager
38:04 Conscription
38:06 Northmen's Fury
39:53 Chain Mail Armor
39:49 Forging
39:52 Siege Engineers
41:12 Man-at-Arms
41:40 Gambesons
41:30 Siege Onager
41:47 Long Swordsman
42:28 Squires
43:03 Plate Mail Armor
43:09 Iron Casting
43:22 Two-Handed Swordsman
43:32 Capped Ram
45:00 Ballistics
44:17 Champion
46:40 Blast Furnace
49:24 Pikeman
50:02 Halberdier
XxBuzzXx
10:42 Feudal Age
14:42 Castle Age
13:06 Double-Bit Axe
13:24 Horse Collar
16:00 Wheelbarrow
15:39 Bow Saw
15:59 Heavy Plow
22:33 Gold Mining
23:39 Stone Mining
25:48 Gold Shaft Mining
25:44 Forging
25:39 Loom
29:55 Imperial Age
27:11 Loom
28:24 Scale Mail Armor
29:00 Iron Casting
29:33 Chain Mail Armor
30:58 Stone Shaft Mining
31:00 Hand Cart
31:47 Blast Furnace
30:51 Squires
30:37 Arson
31:26 Conscription
31:27 Garland Wars
32:50 Plate Mail Armor
32:22 Elite Jaguar Warrior
34:44 Fletching
36:35 Ballistics
36:22 Siege Engineers
38:11 Bodkin Arrow
39:20 Chemistry
40:04 Bracer
40:20 Fortified Wall
40:22 Padded Archer Armor
40:43 Atlatl
40:20 Elite Skirmisher
41:10 Pikeman
42:08 Leather Archer Armor
42:28 Crop Rotation
42:42 Gambesons
43:29 Eagle Warrior
44:17 Guard Tower
44:13 Arrowslits
44:43 Elite Eagle Warrior
44:49 Capped Ram
46:07 Murder Holes
49:38 Onager
52:12 Siege Onager
54:22 Town Watch
55:27 Capped Ram
56:19 Capped Ram
57:17 Siege Ram
83:51 Town Patrol
Caga Mole
7:58 Loom
10:32 Feudal Age
13:36 Castle Age
16:36 Double-Bit Axe
16:32 Horse Collar
22:38 Bow Saw
22:34 Heavy Plow
23:04 Husbandry
23:01 Town Watch
24:13 Bloodlines
23:31 Light Cavalry
26:40 Scale Mail Armor
26:45 Scale Barding Armor
26:56 Forging
28:36 Wheelbarrow
31:55 Imperial Age
29:42 Hand Cart
30:29 Chain Barding Armor
30:45 Iron Casting
32:46 Ballistics
33:03 Double Crossbow
33:23 Conscription
34:07 Chemistry
32:47 Hussar
32:57 Capped Ram
34:22 Heavy Scorpion
35:43 Gold Mining
35:44 Stone Mining
36:47 Fletching
37:50 Bodkin Arrow
39:40 Siege Engineers
43:03 Siege Ram
44:06 Caravan
44:32 Bracer
45:11 Plate Barding Armor
46:46 Blast Furnace
46:58 Coinage
57:49 Crop Rotation
57:51 Banking
Connection lost

Rejoining the realm…

Still unreachable

The connection could not be restored.

Session expired

The server has moved on; the page needs a fresh start.